AoeStats
← Henrik Højhastighedstog

Arabia

505461687Analyzed
1v1 RM · 22d ago on Sep 9, 2026· 47m 38s· 2 players
Game mode
Random Map
Map size
Tiny (2 player)
Population
200
Speed
Normal
Resources
Standard
Victory
Conquest
Starting age
Dark Age
Ending age
Imperial Age
RankedLock teamsTeams togetherTeam positionsShared explorationLock speedFull tech treeHidden civsTurbo modeCheats
Victory
Defeat
🇮🇳 Byzantines · India
1920
+15
🇩🇰 Mongols · Denmark
1897
-15
Henrik Højhastighedstog
6:24 Loom
8:45 Feudal Age
9:19 Double-Bit Axe
12:10 Horse Collar
20:00 Castle Age
19:13 Forging
19:46 Bloodlines
21:08 Bow Saw
23:17 Wheelbarrow
23:36 Town Watch
24:54 Scale Barding Armor
29:00 Chain Barding Armor
37:16 Imperial Age
35:28 Husbandry
36:24 Hand Cart
36:01 Light Cavalry
37:17 Onager
38:24 Fletching
42:46 Heavy Camel Rider
47:00 Chemistry
46:21 Ballistics
46:44 Bodkin Arrow
47:13 Conscription
MrGrumpyFace
6:28 Loom
6:32 Loom
9:08 Feudal Age
10:05 Double-Bit Axe
10:01 Horse Collar
15:35 Wheelbarrow
19:27 Castle Age
19:27 Fletching
20:08 Bodkin Arrow
21:12 Bow Saw
21:24 Crossbowman
36:22 Imperial Age
35:02 Ballistics
37:34 Bracer
37:44 Heavy Plow
39:13 Chemistry
39:35 Padded Archer Armor
38:57 Arbalester
40:17 Thumb Ring
40:29 Husbandry
40:06 Heavy Camel Rider
42:40 Block Printing
43:26 Hand Cart
43:25 Murder Holes
43:48 Redemption
44:45 Scale Barding Armor
44:51 Forging
45:28 Careening
48:01 Chain Barding Armor
48:17 Iron Casting
47:29 Light Cavalry
Connection lost

Rejoining the realm…

Still unreachable

The connection could not be restored.

Session expired

The server has moved on; the page needs a fresh start.